Map: Cerulean Fall LE

Players

Orangie - Winner!

  • Race: Zerg Zerg
  • League: Diamond
  • Spawn Location: 1:00

Apoptosis

  • Race: Zerg Zerg
  • League: Diamond
  • Spawn Location: 7:00

VOD

Have the link to the VOD?

Description

Practicing ZvZ defense Macro 17 Hatch opening vs Spinecrawler Ling all in

Time

  • Played on: Oct. 10, 2018, 7:47 a.m.
  • Length: 5:56
Show
View Real Time Build Order
Export as new Build Order

Orangie Zerg - Winner!

Build Orders: Pool Only 

Get SALT Encoding   

  12  0:17  Spawning Pool  
  11  0:23  Drone  
  11  0:27  Drone  
  13  0:32  Drone  
  14  0:40  Overlord  
  14  1:05  Zergling x4  
  16  1:53  Spine Crawler x2  
  16  1:54  Spine Crawler  
  13  1:58  Zergling x2  
  14  2:59  Zergling x4  
  14  3:00  Zergling x2  
Show
View Real Time Build Order
Export as new Build Order

Apoptosis Zerg 

Build Orders: Hatch First 

Get SALT Encoding   

  12  0:01  Drone  
  13  0:12  Overlord  
  13  0:17  Drone  
  14  0:30  Drone x2  
  14  0:34  Drone  
  17  0:53  Hatchery  
  17  0:56  Drone  
  17  1:00  Drone  
  18  1:11  Extractor  
  17  1:14  Spawning Pool  
  17  1:17  Drone  
  17  1:21  Drone  
  18  1:28  Drone  
  19  1:40  Overlord  
  19  2:01  Queen  
  19  2:02  Zergling x4  
  19  2:04  Queen  
  19  2:05  Zergling x2  
  26  2:11  Zergling x2  
  28  2:15  Zergling x2  
  28  2:22  Zergling x2  
  29  2:26  Zergling x2  
  28  2:35  Zergling x2  
  28  2:39  Zergling x2  
  29  2:46  Queen  
  30  2:51  Zergling x2  
  30  2:55  Zergling x4  
  31  2:59  Zergling x2  
  30  3:24  Spawning Pool  
  27  4:04  Drone x3  
  30  4:14  Hatchery  
  29  5:36  Drone  
  29  5:37  Drone x6  
Tags
 
Add a new tag
Caveats
  • Supply blocks, unpowered buildings, or Contaminate may cause inaccurate times.
  • Supply counts are checked every 10 seconds.